 Adventure DCSS version bcrawl-1.27.3 (webtiles) character file.

Game seed: 2434653670493437272

190965 galech the Cleaver (level 9, 8/72 HPs)
             Began as a Demonspawn Fighter on Aug 3, 2020.
             Was a High Priest of Okawaru.
             Quit the game on level 9 of the Dungeon on Aug 4, 2020.
             The game lasted 00:20:52 (10716 turns).

galech the Cleaver (Demonspawn Fighter)            Turns: 10716, Time: 00:20:53

Health: 8/72       AC: 14    Str: 16    XL:     9   Next: 60%
Magic:  10/10      EV: 15    Int: 10    God:    Okawaru [*****.]
Gold:   448        SH: 11    Dex: 19    Spells: 8/8 levels left
                                        Lives:  0   Deaths: 2

rFire    . . .     SeeInvis .   a - +0 war axe
rCold    . . .     Gourm    .   c - +0 medium shield
rNeg     . . .     Faith    .   M - +3 scale mail {rPois}
rPois    +         Spirit   .   (no helmet)
rElec    .         Reflect  .   d - +0 cloak
rCorr    .         Harm     .   (no gloves)
MR       .....                  O - +1 pair of boots
Stlth    +.........             (no amulet)
HPRegen  0.22/turn              A - +3 ring of dexterity
MPRegen  0.12/turn              l - +5 ring of evasion

@: no status effects
A: claws 2, talons 1, foul stench 2, powered by death 3, rot immunity
a: Heroism, Finesse, Renounce Religion


You were on level 9 of the Dungeon.
You worshipped Okawaru.
Okawaru was extremely pleased with you.
You were not hungry.

You visited 2 branches of the dungeon, and saw 10 of its levels.

You collected 730 gold pieces.
You spent 282 gold pieces at shops.

Inventory:

Hand Weapons
 a - a +0 war axe (weapon)
 L - a +0 falchion of flaming
Missiles
 J - 2 throwing nets {=f}
Armour
 c - a +0 medium shield (worn)
 d - a +0 cloak (worn)
 r - a +1 pair of boots
 t - the +1 leather armour of Charity {rF+ Dex+2}
   (You found it on level 4 of the Dungeon)

   It affects your dexterity (+2).
   It protects you from fire.
 M - a +3 scale mail of poison resistance (worn)
 O - a +1 pair of boots (worn)
 P - a +0 helmet
Jewellery
 i - an uncursed ring of see invisible
 l - a +5 ring of evasion (right claw)
 v - an uncursed ring of poison resistance
 w - the ring "Jailuntipp" {Fire rElec}
   (You found it on level 8 of the Dungeon)

   [ring of fire]

   It enhances your fire magic.
   It protects you from fire.
   It makes you vulnerable to cold.
   It insulates you from electricity.
 A - a +3 ring of dexterity (left claw)
Wands
 s - a wand of paralysis (7)
 C - a wand of random effects (6)
 D - a wand of acid (6)
 G - a wand of clouds (4)
 N - a wand of iceblast (11)
Scrolls
 f - a scroll of silence {unknown}
 g - a scroll of blinking
 h - a scroll of magic mapping
 m - a scroll of enchant armour {unknown}
 n - 2 scrolls of remove curse
 o - a scroll of teleportation
 x - 4 scrolls of immolation
 y - 2 scrolls of amnesia
 z - a scroll of fear
 H - a scroll of identify
Potions
 b - 2 potions of lignification
 j - 3 potions of mutation
 k - a potion of haste
 p - 2 potions of degeneration
 q - 3 potions of brilliance
 u - a potion of resistance {unknown}
 B - a potion of invisibility {unknown}
 E - a potion of flight {unknown}
 F - 2 potions of ambrosia {unknown}
 I - a potion of cancellation {unknown}
 K - a potion of heal wounds {unknown}
Comestibles
 e - 20 rations {!d}


   Skills:
 + Level 7.5 Fighting
 + Level 10.8 Axes
   Level 1.1(7.0) Maces & Flails
 + Level 7.2 Armour
 + Level 4.8 Dodging
 + Level 1.1 Stealth
 + Level 7.7 Shields
 + Level 1.4 Invocations


You had 8 spell levels left.
You didn't know any spells.
Your spell library contained the following spells:

 Spells                   Type           Power        Failure   Level  Hunger
 Throw Frost              Conj/Ice       #.....       99%         2    ####...
 Animate Skeleton         Necr           N/A          100%        1    None
 Freeze                   Ice            #.....       100%        1    None
 Pain                     Necr           #.....       100%        1    None
 Ozocubu's Armour         Chrm/Ice       #.......     100%        3    #####..
 Regeneration             Chrm/Necr      #.........   100%        3    #####..
 Vampiric Draining        Necr           #.........   100%        3    #####..
 Animate Dead             Necr           N/A          100%        4    ######.
 Ice Form                 Ice/Tmut       #.......     100%        4    ######.
 Summon Ice Beast         Ice/Summ       #.......     100%        4    ######.
 Throw Icicle             Conj/Ice       #.......     100%        4    ######.
 Bolt of Draining         Conj/Necr      #.........   100%        5    #######


Dungeon Overview and Level Annotations

Branches:
Dungeon (9/12)             Temple (0/1) D:4            Lair (1/6) D:7
    Orc: D:8-11

Altars:
Ashenzari
Kikubaaqudgha
Makhleb
Okawaru
Qazlal
Wu Jian
Yredelemnul
The Shining One

Shops:
D:6 ?*   D:7 [

Annotations:
D:6 2 transporters, Sapher's ghost, novice VSSA
D:7 1 runed door


Innate Abilities, Weirdness & Mutations

You have very sharp fingernails.
You have sharp toenails.
You frequently emit foul miasma when damaged in melee.
You regenerate a lot of health from kills.
You are immune to rotting.


Message History

You are too injured to fight recklessly!
You are too injured to fight recklessly!
You are too injured to fight recklessly!
You are too injured to fight recklessly!
You are too injured to fight recklessly!
You are too injured to fight recklessly!
You are too injured to fight recklessly!
You are too injured to fight recklessly!
The deep elf mage gestures at you while chanting.
The bolt of lightning hits you!
You closely miss the deep elf mage.
The deep elf mage is moderately wounded.
The deep elf mage casts a spell at you. The bolt of lightning hits you!!
* * * LOW HITPOINT WARNING * * *
The deep elf mage gestures wildly while chanting.
The deep elf mage blinks!
The deep elf mage mumbles some strange words.
The deep elf mage blinks!
Are you sure you want to abandon this character and quit the game? (Confirm with "yes".)

### ##.### ###....## ### ..
###e..<..(### #.###### ...
#...†.......####..#...#....
##..F........##....$^§.....
##............†...........
##..............@....##....
...............##..### .
...........#.......#
.##........##.#.##......
.###..))...##.####......
..##.).....##.. ..###...
#...(...$..##... ..# .#
#..##......##... ..# .
...###.........## #.


There were no monsters in sight!

Vanquished Creatures
  Harold (D:8)
  2 hydras
  A two-headed ogre (D:8)
  A black mamba (Lair:1)
  2 centaur skeletons
  2 trolls (D:8)
  2 dream sheep (D:8)
  A hippogriff (D:8)
  8 yaks
  Eustachio (D:4)
  A hungry ghost (D:7)
  2 crocodiles
  A porcupine (Lair:1)
  A water moccasin (Lair:1)
  3 sky beasts
  4 phantoms
  An orc warrior (D:6)
  2 ice beasts
  3 black bears
  4 necrophages
  7 centaurs
  An ogre (D:4)
  3 bullfrogs
  An elf zombie (D:8)
  Blork the orc (D:4)
  5 big kobolds
  5 scorpions
  6 killer bees (D:7)
  2 electric eels (D:7)
  A wight (D:8)
  3 crimson imps
  A bullfrog zombie (D:6)
  4 hounds
  3 human zombies (D:8)
  3 jellies
  4 orc priests
  A bullfrog skeleton (D:6)
  6 iguanas
  4 orc wizards
  2 human skeletons (D:8)
  Natasha (thrice) (D:3)
  11 worker ants
  3 mummies (D:8)
  A hound skeleton (D:5)
  A worker ant zombie (D:6)
  A howler monkey zombie (D:6)
  12 gnolls
  11 adders
  2 shadow imps
  2 adder skeletons (D:4)
  3 worms
  11 dart slugs
  9 leopard geckos
  26 orcs
  6 bats
  3 giant cockroaches
  5 goblins
  5 hobgoblins
  13 jackals
  9 quokkas
  5 frilled lizards
  2 jackal skeletons
  A jackal zombie (D:6)
  23 kobolds
  An orc zombie (D:8)
  4 quokka skeletons
  25 rats
  A spectral orc (D:6)
305 creatures vanquished.

Vanquished Creatures (others)
  An adder (D:7)
  3 fungi (Lair:1)
  4 plants (D:8)
8 creatures vanquished.

Grand Total: 313 creatures vanquished

Notes
Turn   | Place    | Note
-------+----------+-------------------------------------------
     0 | D:1      | galech the Demonspawn Fighter began the quest for the Orb.
     0 | D:1      | Reached XP level 1. HP: 18/18 MP: 1/1
   201 | D:1      | Reached skill level 2 in Axes
   201 | D:1      | Gained mutation: You regenerate a little health from kills.
                  | [demonic ancestry]
   201 | D:1      | Reached XP level 2. HP: 4/24 MP: 2/2
  1325 | D:2      | Gained mutation: You are immune to rotting. [demonic
                  | ancestry]
  1325 | D:2      | Reached XP level 3. HP: 29/29 MP: 3/3
  1560 | D:2      | Gained mutation: You regenerate health from kills. [demonic
                  | ancestry]
  1560 | D:2      | Reached XP level 4. HP: 35/35 MP: 4/4
  1563 | D:2      | Reached skill level 3 in Axes
  2118 | D:3      | Found an iron altar of Okawaru.
  2127 | D:3      | Became a worshipper of Warmaster Okawaru
  2190 | D:3      | Gained mutation: You have sharp fingernails. [demonic
                  | ancestry]
  2190 | D:3      | Reached XP level 5. HP: 30/41 MP: 5/5
  2276 | D:3      | Noticed a centaur
  2288 | D:3      | Killed a centaur
  2288 | D:3      | Reached skill level 4 in Axes
  2442 | D:3      | Reached skill level 1 in Dodging
  2451 | D:3      | Gained mutation: You may emit foul miasma when damaged in
                  | melee. [demonic ancestry]
  2451 | D:3      | Reached XP level 6. HP: 40/47 MP: 6/6
  2570 | D:3      | Noticed Natasha
  2590 | D:3      | Killed Natasha
  2746 | D:3      | Noticed Natasha
  2752 | D:3      | Killed Natasha
  2953 | D:3      | Found a glowing golden altar of the Shining One.
  2953 | D:3      | Found a faded altar of an unknown god.
  2958 | D:3      | Found a stormy altar of Qazlal.
  2963 | D:3      | Found a faded altar of an unknown god.
  2987 | D:3      | Found an ornate altar of the Wu Jian Council.
  3081 | D:3      | Noticed Natasha
  3089 | D:3      | Killed Natasha
  3283 | D:4      | Got a brightly glowing leather armour
  3294 | D:4      | Identified the +1 leather armour of Charity {rF+ Dex+2}
                  | (You found it on level 4 of the Dungeon)
  3316 | D:4      | Reached * piety under Okawaru
  3327 | D:4      | Gained mutation: You frequently emit foul miasma when
                  | damaged in melee. [demonic ancestry]
  3327 | D:4      | Reached XP level 7. HP: 32/53 MP: 7/7
  3409 | D:4      | Noticed Eustachio
  3431 | D:4      | Reached skill level 5 in Axes
  3888 | D:4      | Killed Eustachio
  4005 | D:4      | Noticed Blork the orc
  4011 | D:4      | Killed Blork the orc
  4011 | D:4      | Reached ** piety under Okawaru
  4066 | D:4      | Found a staircase to the Ecumenical Temple.
  4147 | D:4      | Reached skill level 5 in Shields
  4147 | D:4      | Reached XP level 8. HP: 44/60 MP: 8/8
  4172 | D:4      | Reached skill level 6 in Axes
  4552 | D:5      | Entered Level 5 of the Dungeon
  5188 | D:6      | Found Riremucw's Magic Scroll Emporium.
  5203 | D:6      | Reached *** piety under Okawaru
  5203 | D:6      | Reached skill level 7 in Axes
  5207 | D:6      | Reached skill level 5 in Fighting
  5207 | D:6      | Gained mutation: You regenerate a lot of health from kills.
                  | [demonic ancestry]
  5207 | D:6      | Reached XP level 9. HP: 68/68 MP: 9/9
  5321 | D:6      | Bought a scroll of identify for 24 gold pieces
  5321 | D:6      | Bought a scroll of identify for 24 gold pieces
  5321 | D:6      | Bought a scroll of identify for 24 gold pieces
  5321 | D:6      | Bought a scroll of identify for 24 gold pieces
  5321 | D:6      | Bought a scroll of identify for 24 gold pieces
  5321 | D:6      | Bought 3 scrolls of identify for 72 gold pieces
  5321 | D:6      | Bought a scroll of blinking for 90 gold pieces
  5421 | D:6      | Found a basalt altar of Yredelemnul.
  5484 | D:6      | Reached skill level 5 in Armour
  6009 | D:6      | Reached skill level 8 in Axes
  6158 | D:6      | Found Ziowk's Lightly-Used Armoury.
  6240 | D:6      | Noticed Sapher's ghost (novice VSSA)
  6255 | D:6      | Found a transporter.
  6259 | D:6      | Found a transporter.
  6337 | D:7      | Reached **** piety under Okawaru
  6397 | D:7      | Found Baziakk's Armour Boutique.
  6425 | D:7      | Found a staircase to the Lair.
  6510 | D:7      | Gained mutation: You have very sharp fingernails. [demonic
                  | ancestry]
  6510 | D:7      | Reached XP level 10. HP: 39/76 MP: 10/10
  6626 | D:7      | Reached skill level 9 in Axes
  6694 | D:7      | Reached skill level 1 in Stealth
  7498 | D:7      | Found a runed door.
  7596 | D:7      | Found a burning altar of Makhleb.
  7847 | D:8      | Noticed a three-headed hydra
  8118 | D:8      | Noticed Harold
  8123 | D:8      | HP: 2/76 [Harold/bolt of fire (34)]
  8129 | D:8      | Found a shattered altar of Ashenzari.
  8575 | Lair:1   | Entered Level 1 of the Lair of Beasts
  8645 | Lair:1   | Noticed a six-headed hydra
  8657 | Lair:1   | Killed a six-headed hydra
  8788 | Lair:1   | Reached ***** piety under Okawaru
  8789 | Lair:1   | Reached skill level 1 in Maces & Flails
  8905 | Lair:1   | Noticed a black mamba
  8916 | Lair:1   | Killed a black mamba
  9115 | Lair:1   | Reached skill level 10 in Axes
  9197 | Lair:1   | Noticed a six-headed hydra
  9345 | D:9      | Noticed a deep elf mage
  9445 | D:8      | Noticed a two-headed ogre
  9452 | D:8      | Killed a two-headed ogre
  9452 | D:8      | Gained mutation: You have sharp toenails. [demonic
                  | ancestry]
  9452 | D:8      | Reached XP level 11. HP: 64/84 MP: 8/11
  9511 | D:8      | Reached skill level 1 in Invocations
  9680 | D:8      | Killed a six-headed hydra
  9680 | D:8      | Received a gift from Okawaru
 10088 | D:8      | Found an ancient bone altar of Kikubaaqudgha.
 10335 | D:8      | HP: 3/84 [Harold/+2 trident of flaming (23)]
 10335 | D:8      | Slain by Harold
 10336 | D:8      | Reached XP level 10. HP: -4/79 MP: 5/10
 10371 | D:8      | Killed Harold
 10501 | D:8      | Got a translucent golden ring
 10518 | D:8      | Identified the ring "Jailuntipp" {Fire rElec} (You found it
                  | on level 8 of the Dungeon)
 10694 | D:9      | Killed from afar by a deep elf mage
 10695 | D:9      | Reached XP level 9. HP: -21/72 MP: 10/10
 10716 | D:9      | Quit the game

Skill      XL: |  1  2  3  4  5  6  7  8  9 10 11 |
---------------+----------------------------------+-----
Axes           | 2 3 4 5 7 8 10 | 10.8
Shields        | 3 4 5 6 7 |  7.7
Armour         | 3 4 5 6 7 |  7.2
Dodging        | 1 2 3 4 |  4.8
Fighting       | 4 5 6 7 |  7.5
Stealth        | 1 |  1.1
Maces & Flails | 1 |  1.1
Invocations    | 1 |  1.4

Action                   |  1- 3 |  4- 6 |  7- 9 | 10-12 || total
-------------------------+-------+-------+-------+-------++-------
Melee: War axe           |   141 |   224 |   543 |   486 ||  1394
       Whip              |       |       |       |    29 ||    29
Invok: Heroism           |       |       |     1 |     9 ||    10
       Finesse           |       |       |       |     1 ||     1
  Use: Scroll            |     2 |       |    10 |     8 ||    20
       Potion            |       |       |     1 |     4 ||     5
  Eat: Chunk             |     8 |    13 |    28 |    15 ||    64
       Ration            |       |       |     2 |     3 ||     5
Armor: Scale mail        |    71 |    58 |   257 |   142 ||   528
       Leather armour    |       |     4 |    52 |       ||    56
Dodge: Dodged            |    43 |   118 |   480 |   216 ||   857
Block: Medium shield     |    91 |   127 |   466 |   240 ||   924
